 Dungeon Crawl Stone Soup version 0.20.0-15-g7f486f2 (webtiles) character file.

7243 dvd the Cleaver (level 10, -3/90 HPs)
             Began as a Minotaur Fighter on June 25, 2017.
             Was a High Priest of Okawaru.
             Slain by a gargoyle
             ... wielding a +0 morningstar
              (15 damage)
             ... in a labyrinth.
             The game lasted 00:19:45 (9274 turns).

dvd the Cleaver (Minotaur Fighter)                  Turns: 9274, Time: 00:19:45

Health: -3/90      AC:  9    Str: 19    XL:     10   Next: 88%
Magic:  10/10      EV: 11    Int:  5    God:    Okawaru [*****.]
Gold:   333        SH: 12    Dex: 12    Spells: 9/9 levels left

rFire    + . .     SeeInvis +   a - +1 war axe
rCold    + + .     Gourm    .   c - +1 shield
rNeg     . . .     Faith    .   B - +1 ring mail {MR+}
rPois    +         Spirit   .   (helmet restricted)
rElec    .         Reflect  .   E - +0 cloak of Free Will {rPois rC++ Str-3 SInv} (curse)
rCorr    .         Harm     .   (no gloves)
MR       +....                  (no boots)
Stlth    +.........             k - amulet of rage
Regen    0.3/turn               j - ring of protection from fire
MPRegen  0.2/turn               (no ring)

@: flying
A: retaliatory headbutt, horns 2
a: Heroism, Finesse, Renounce Religion, Evoke Berserk Rage


You were in a labyrinth.
You worshipped Okawaru.
Okawaru was extremely pleased with you.
You were very hungry.

You visited 2 branches of the dungeon, and saw 11 of its levels.
You also visited: Labyrinth.

You collected 728 gold pieces.
You spent 395 gold pieces at shops.

Inventory:

Hand Weapons
 a - a +1 war axe (weapon)
 r - a +0 flail of draining
Missiles
 n - 12 tomahawks (quivered)
 y - 2 javelins
Armour
 c - a +1 shield (worn)
 B - a +1 ring mail of magic resistance (worn)
 C - a +0 ring mail of poison resistance
 E - the cursed +0 cloak of Free Will (worn) {rPois rC++ Str-3 SInv}
   (You bought it in a shop on level 7 of the Dungeon)

   It affects your strength (-3).
   It greatly protects you from cold.
   It protects you from poison.
   It lets you see invisible.
   It has a curse placed upon it.
Jewellery
 j - a ring of protection from fire (left hand)
 k - an amulet of rage (around neck)
Wands
 x - a wand of lightning (15/15)
 D - a wand of iceblast (6/15)
 G - a wand of iceblast (6/15)
 H - a wand of lightning (7/15)
Scrolls
 b - a scroll of fog
 l - a scroll of magic mapping
 m - 7 scrolls of identify
 p - 2 scrolls of enchant weapon
 s - 2 scrolls of recharging
 z - 2 scrolls of teleportation
 F - a scroll of remove curse
 J - a scroll of enchant armour
Potions
 d - a potion of might
 e - a potion of degeneration {unknown}
 g - a potion of ambrosia
 o - 2 potions of lignification
 t - 5 potions of curing
 L - a potion of cancellation
Books
 w - a book of Misfortune

   Spells                             Type                      Level
   a - Confusing Touch                Hexes                        1
   b - Confuse                        Hexes                        3
   c - Gell's Gravitas                Translocation                3
   d - Petrify                        Transmutation/Earth          4
   e - Metabolic Englaciation         Hexes/Ice                    5
   f - Yara's Violent Unravelling     Hexes/Transmutation          5
 M - Hulluew's Incunabulum of the Volcanoes
   (You found it on level 10 of the Dungeon)

   Spells                             Type                      Level
   a - Throw Flame                    Conjuration/Fire             2
   b - Inner Flame                    Hexes/Fire                   3
   c - Bolt of Magma                  Conjuration/Fire/Earth       5
   d - Bolt of Fire                   Conjuration/Fire             6
Comestibles
 f - 10 bread rations
 i - 4 meat rations
 q - 3 royal jellies
 v - 4 fruits


   Skills:
 + Level 8.5 Fighting
 + Level 12.9 Axes
 + Level 2.2 Throwing
 + Level 8.3 Armour
 + Level 4.3 Dodging
 + Level 0.6 Stealth
 + Level 9.2 Shields
 + Level 2.3 Invocations


You had 9 spell levels left.
You didn't know any spells.

Dungeon Overview and Level Annotations

Branches:
Dungeon (10/15)            Temple (0/1) D:6            Lair (1/6) D:10
    Orc (0/2) D:10

Altars:
Elyvilon
Kikubaaqudgha
Okawaru
Ru
Sif Muna
Trog
Uskayaw

Shops:
D:5 !   D:7 [   D:8 }


Innate Abilities, Weirdness & Mutations

You reflexively headbutt those who attack you in melee.
You have a pair of horns on your head.


Message History

The gargoyle is severely damaged.
You block the gargoyle's attack.
You hit the gargoyle but do no damage. Your headbutt misses the gargoyle.
The gargoyle is severely damaged.
You block the gargoyle's attack.
You hit the gargoyle.
You headbutt the gargoyle, but do no damage.
The gargoyle is severely damaged.
You closely miss the gargoyle.
The gargoyle is severely damaged.
The gargoyle hurls a stone arrow at you.
The stone arrow hits you!
You hit the gargoyle but do no damage.
The gargoyle is severely damaged.
The gargoyle hits you with a morningstar!!
* * * LOW HITPOINT WARNING * * *
You hit the gargoyle.
The gargoyle is almost destroyed.
The gargoyle hits you with a morningstar!
You die...

#...≈≈≈≈≈.# .. . .
#...≈}).§.# #
#.#.#
#...§.÷.≈...#. .
#.#.≈..)§.####. .
#. .≈§≈§≈.......#
####.....§..#####.
. #...#.....#.#
...#. #......##.##
.# # #....#@#..# #
. ###.##9# .#.# #
.# #. =9? .# # #
##.##.# #.# . ...
# ... ###


You could see 2 gargoyles.

Vanquished Creatures
  A flayed ghost (D:10)
  The ghost of vishdafish the Chopper, a novice VSFi (D:5)
  A gargoyle (Lab)
  A hippogriff (D:9)
  A shadow (D:10)
  4 wraiths (D:10)
  2 fire bats (D:10)
  3 yaks (D:10)
  2 hungry ghosts
  A basilisk (Lair:1)
  Grum (D:8)
  6 orc warriors
  A porcupine (Lair:1)
  2 ice beasts
  A sky beast (D:8)
  2 phantoms
  3 ogres
  A necrophage (D:7)
  3 wolves (D:8)
  A centaur (D:7)
  A crocodile (Lair:1)
  A gnoll sergeant (D:6)
  3 bullfrogs
  2 scorpions
  5 killer bees (D:9)
  3 crimson imps
  A bullfrog zombie (D:6)
  4 lava snakes (Lab)
  A jelly (D:8)
  4 hounds
  6 orc priests
  A gnoll shaman (D:9)
  10 orc wizards
  A bullfrog skeleton (D:8)
  2 centaur skeletons
  5 worker ants
  A hound zombie (D:9)
  3 hound skeletons
  13 gnolls
  A howler monkey skeleton (D:8)
  11 adders
  2 shadow imps (D:5)
  2 oozes
  3 worms (D:3)
  2 dart slugs
  3 leopard geckos
  37 orcs
  16 bats
  6 giant cockroaches
  11 goblins
  4 hobgoblins
  11 jackals
  3 kobolds
  2 quokkas
  A ball python zombie (D:5)
  4 frilled lizards
  A jackal skeleton (D:4)
  A leopard gecko skeleton (D:7)
  A quokka zombie (D:5)
  3 rats
230 creatures vanquished.

Notes
Turn   | Place    | Note
-------+----------+-------------------------------------------
     0 | D:1      | dvd the Minotaur Fighter began the quest for the Orb.
     0 | D:1      | Reached XP level 1. HP: 19/19 MP: 0/0
   238 | D:1      | Reached XP level 2. HP: 23/27 MP: 1/1
   803 | D:2      | Reached skill level 3 in Axes
   803 | D:2      | Reached XP level 3. HP: 30/33 MP: 2/2
  1622 | D:3      | Reached XP level 4. HP: 40/40 MP: 3/3
  1749 | D:3      | Found an iron altar of Okawaru.
  1752 | D:3      | Reached skill level 1 in Dodging
  1769 | D:3      | Became a worshipper of Warmaster Okawaru
  1828 | D:3      | Reached skill level 4 in Axes
  2242 | D:3      | Reached XP level 5. HP: 46/46 MP: 4/4
  2424 | D:4      | Reached skill level 5 in Axes
  2452 | D:4      | Reached XP level 6. HP: 46/53 MP: 5/5
  2469 | D:4      | Reached skill level 5 in Armour
  2479 | D:4      | Reached * piety under Okawaru
  2940 | D:4      | Noticed an orc warrior
  2953 | D:4      | Killed an orc warrior
  3188 | D:4      | Reached skill level 6 in Axes
  3188 | D:4      | Reached XP level 7. HP: 60/60 MP: 6/6
  3465 | D:5      | Entered Level 5 of the Dungeon
  3472 | D:5      | Noticed vishdafish's ghost (novice VSFi)
  3477 | D:5      | Reached skill level 5 in Shields
  3483 | D:5      | Killed vishdafish's ghost
  3483 | D:5      | Reached ** piety under Okawaru
  3483 | D:5      | Reached skill level 5 in Fighting
  3483 | D:5      | Reached skill level 7 in Axes
  3571 | D:5      | Reached XP level 8. HP: 61/68 MP: 4/7
  3594 | D:5      | Reached skill level 1 in Throwing
  3786 | D:5      | Reached skill level 8 in Axes
  3863 | D:5      | Found Entad's Distillery.
  3875 | D:5      | Bought a potion of curing for 30 gold pieces
  5045 | D:6      | Found a staircase to the Ecumenical Temple.
  5054 | D:6      | Reached skill level 9 in Axes
  5329 | D:7      | Reached *** piety under Okawaru
  5455 | D:7      | Reached XP level 9. HP: 25/76 MP: 8/8
  6018 | D:7      | Found Muedd's Armour Boutique.
  6045 | D:7      | Bought the cursed +0 cloak of Free Will {rPois rC++ Str-3 SInv} for 365 gold pieces
  6357 | D:7      | Reached skill level 10 in Axes
  6629 | D:8      | Noticed Grum
  6644 | D:8      | Killed Grum
  7052 | D:8      | Reached skill level 1 in Invocations
  7429 | D:8      | Found Jolul's Gadget Shop.
  7723 | D:9      | Reached skill level 11 in Axes
  8074 | D:9      | Reached XP level 10. HP: 86/86 MP: 6/9
  8259 | D:10     | Entered Level 10 of the Dungeon
  8260 | D:10     | Found a staircase to the Lair.
  8321 | D:10     | Found a staircase to the Orcish Mines.
  8484 | D:10     | Reached **** piety under Okawaru
  8595 | D:10     | Found a runed door.
  8620 | D:10     | Found a sacrificial altar of Ru.
  8630 | D:10     | Found an ancient bone altar of Kikubaaqudgha.
  8645 | D:10     | Found a white marble altar of Elyvilon.
  8662 | D:10     | Noticed a flayed ghost
  8678 | D:10     | Killed a flayed ghost
  8678 | D:10     | Reached skill level 12 in Axes
  8682 | D:10     | Identified Hulluew's Incunabulum of the Volcanoes
  8699 | D:10     | Found a bloodstained altar of Trog.
  8723 | D:10     | Found a hide-covered altar of Uskayaw.
  8733 | D:10     | Reached ***** piety under Okawaru
  8817 | D:10     | Found a deep blue altar of Sif Muna.
  9077 | Lair:1   | Entered Level 1 of the Lair of Beasts
  9098 | Lair:1   | Found a labyrinth entrance.
  9125 | Lab      | Entered a labyrinth
  9227 | Lab      | Noticed a gargoyle
  9238 | Lab      | Killed a gargoyle
  9265 | Lab      | Noticed a gargoyle
  9269 | Lab      | Noticed a gargoyle
  9274 | Lab      | Slain by a gargoyle

Skill      XL: |  1  2  3  4  5  6  7  8  9 10 |
---------------+-------------------------------+-----
Shields        | 4 5 6 7 9 |  9.2
Axes           | 3 4 5 6 7 9 11 12 | 12.9
Armour         | 4 5 6 7 8 |  8.3
Fighting       | 4 5 6 7 8 |  8.5
Dodging        | 1 2 3 4 |  4.3
Throwing       | 1 2 |  2.2
Invocations    | 1 2 |  2.3
Stealth        | |  0.6

Action                   |  1- 3 |  4- 6 |  7- 9 | 10-12 || total
-------------------------+-------+-------+-------+-------++-------
Melee: War axe           |    83 |   113 |   320 |   169 ||   685
       Headbutt          |    13 |    16 |    52 |    35 ||   116
Throw: Tomahawk          |       |     5 |    27 |       ||    32
Invok: Heroism           |       |     2 |    16 |     7 ||    25
  Use: Scroll            |       |     9 |       |     2 ||    11
       Potion            |       |       |     3 |     7 ||    10
  Eat: Chunk             |     2 |     5 |    16 |     3 ||    26
       Meat ration       |       |       |     1 |       ||     1
       Royal jelly       |       |       |     1 |       ||     1
Armor: Scale mail        |    29 |    43 |    22 |       ||    94
       Ring mail         |       |       |    16 |    22 ||    38
       Plate armour      |       |       |    55 |    19 ||    74
       Skin              |       |       |     6 |       ||     6
Dodge: Dodged            |    26 |    46 |    54 |    50 ||   176
Block: Shield            |    45 |    73 |   183 |    98 ||   399
